 Dungeon Crawl Stone Soup version 0.30-a0-696-g2367cd04db (webtiles) character file.

Game seed: 1884902181450882853

2993 BigDaddyOpFi the Thaumaturge (level 9, -12/48 HPs)
             Began as a Deep Elf Earth Elementalist on Jan 19, 2023.
             Was a Follower of Vehumet.
             Killed from afar by a wizard (36 damage)
             ... with a fireball
             ... on level 7 of the Dungeon on Jan 20, 2023.
             The game lasted 00:14:22 (7391 turns).

BigDaddyOpFi the Thaumaturge (DEEE)                 Turns: 7391, Time: 00:14:23

Health: -12/48     AC:  3    Str:  5    XL:     9   Next: 54%
Magic:  15/32      EV: 15    Int: 31    God:    Vehumet [*.....]
Gold:   306        SH:  0    Dex: 15    Spells: 18/24 levels left

rFire   . . .      SeeInvis .    n - +0 war axe (freeze)
rCold   . . .      Faith    .    (no shield)
rNeg    . . .      Spirit   .    a - +1 robe
rPois   .          Reflect  .    (no helmet)
rElec   .          Harm     .    (no cloak)
rCorr   .          Rampage  .    (no gloves)
Will    .....                    (no boots)
Stlth   ++++                     (no amulet)
HPRegen 0.28/turn                f - +6 ring of intelligence
MPRegen 0.23/turn                j - ring of magical power

@: no status effects
A: no striking features
a: Renounce Religion


You were on level 7 of the Dungeon.
You worshipped Vehumet.
Vehumet was aware of your devotion.
You visited 2 branches of the dungeon, and saw 8 of its levels.

You collected 306 gold pieces.

Inventory:

Hand Weapons
 n - a +0 war axe of freezing (weapon)
Armour
 a - a +1 robe (worn)
Jewellery
 f - a +6 ring of intelligence (left hand)
 j - a ring of magical power (right hand)
Wands
 u - a wand of paralysis (11)
 v - a wand of light (6)
Scrolls
 e - a scroll of vulnerability
 g - a scroll of noise
 l - a scroll of teleportation
 o - 2 scrolls of identify
 q - a scroll of torment
Potions
 b - a potion of magic
 c - a potion of flight {unknown}
 d - a potion of resistance {unknown}
 h - 2 potions of berserk rage
 i - 2 potions of haste
 k - 2 potions of curing {unknown}
 m - a potion of heal wounds {unknown}
 p - 2 potions of brilliance
 r - a potion of lignification {unknown}
 t - a potion of degeneration {unknown}


   Skills:
 + Level 1.8 Fighting
 + Level 7.3 Dodging
 + Level 8.1 Stealth
 + Level 8.1 Spellcasting
 - Level 5.3 Conjurations
 + Level 2.5 Translocations
 + Level 3.1 Transmutations
 - Level 6.6 Earth Magic


You had 18 spell levels left.
You knew the following spells:

 Your Spells              Type           Power      Damage    Failure   Level
a - Sandblast             Erth           100%       2d20      1%          1
b - Stone Arrow           Conj/Erth      98%        3d13      1%          3
c - Momentum Strike       Conj/Tloc      74%        3d10      1%          2

Your spell library contained the following spells:

 Spells                   Type           Power      Damage    Failure   Level
 Shock                    Conj/Air       100%       1d9       1%          1
 Apportation              Tloc           56%        N/A       1%          1
 Passwall                 Tmut/Erth      35%        N/A       1%          2
 Blink                    Tloc           56%        N/A       2%          2
 Lesser Beckoning         Tloc           56%        N/A       2%          2
 Summon Small Mammal      Summ           48%        N/A       4%          1
 Petrify                  Tmut/Erth      42%        N/A       5%          4
 Ensorcelled Hibernation  Hex/Ice        24%        N/A       6%          2
 Swiftness                Air            12%        N/A       12%         3
 Manifold Assault         Tloc           28%        N/A       14%         4
 Olgreb's Toxic Radiance  Pois           12%        N/A       36%         4
 Ozocubu's Refrigeration  Ice            6%         4d8       100%        7
 Storm Form               Tmut/Air       11%        N/A       100%        7
 Ignition                 Fire           6%         3d4       100%        8


Dungeon Overview and Level Annotations

Branches:
Dungeon (7/15)             Temple (1/1) D:4

Altars:
Ashenzari
Cheibriados
Dithmenos
Fedhas
Gozag
Kikubaaqudgha
Okawaru
Qazlal
Sif Muna
Trog
Uskayaw
Vehumet
Xom
Zin
The Shining One

Shops:
D:2 [   D:6 !

Annotations:
D:3 3 runed translucent doors, Loveship's ghost, amateur NaTm


Message History

Confirm with . or Enter, or press ? or * to list all spells.
Aiming: Stone Arrow (safe; 1% risk of failure)
Press: ? - help, Shift-Dir - straight line, f/p - orc sorcerer
Aim: an orc sorcerer, wielding a +0 dagger and wearing a +2 robe of fire resistance (severely wounded, 70% to hit)
The stone arrow hits the orc sorcerer!
You kill the orc sorcerer!
Vehumet accepts your kill.
Your Stealth skill increases to level 8!
Your Spellcasting skill increases to level 8!
Your Translocations skill increases to level 2!
Your Transmutations skill increases to level 3!
Casting: Stone Arrow (safe; 1% risk of failure)
Confirm with . or Enter, or press ? or * to list all spells.
You can't see any susceptible monsters within range! (Use Z to cast anyway.)
Casting: Stone Arrow (safe; 1% risk of failure)
Confirm with . or Enter, or press ? or * to list all spells.
Aiming: Stone Arrow (safe; 1% risk of failure)
Press: ? - help, Shift-Dir - straight line
Casting: Stone Arrow (safe; 1% risk of failure)
Confirm with . or Enter, or press ? or * to list all spells.
You don't know that spell.
Items here: ! ) [ †.
Something hits you.
A wight comes into view. It is wielding a +2 battleaxe.
You hear some strange, mumbled words.
A fireball appears from out of thin air!
The fireball explodes!
The fireball engulfs you!!
The fireball engulfs something!!
Casting: Stone Arrow (safe; 1% risk of failure)
Confirm with . or Enter, or press ? or * to list all spells.
You can't see any susceptible monsters within range! (Use Z to cast anyway.)
Casting: Stone Arrow (safe; 1% risk of failure)
Confirm with . or Enter, or press ? or * to list all spells.
Aiming: Stone Arrow (safe; 1% risk of failure)
Press: ? - help, Shift-Dir - straight line You hear some strange, mumbled words.
A fireball appears from out of thin air!
The fireball explodes!
The fireball engulfs you!!!
Ouch! That really hurt!
You die...

....... ..#... .
##.....##.z
##........ #..≈≈≈≈≈≈
#.≈≈##.##
..#####.≈##...##
...$....~#@[.!.#~.
##.......)..{......
#).#####.~#.....#~.
##.. #.≈##...##
##...# ##.≈≈##.##
......###...≈≈≈≈≈≈≈..
#...#..#..........##
#...######........
##...### #.......


You could see a wight.

Vanquished Creatures
  A two-headed ogre (D:5)
  An orc sorcerer (D:7)
  Edmund (D:4)
  Menkaure (D:4)
  An orc warrior (D:6)
  3 black bears
  A sky beast (D:7)
  3 ogres
  A phantom (D:5)
  A bullfrog (D:6)
  A necrophage (D:4)
  A gnoll sergeant (D:7)
  Blork the orc (D:4)
  2 scorpions (D:5)
  A jelly (D:6)
  9 hounds
  2 iguanas
  Ijyb (D:5)
  7 gnolls
  11 adders
  A white imp (D:5)
  An ufetubus (D:5)
  2 worms
  2 dart slugs (D:4)
  9 orcs
  6 bats
  4 endoplasms
  2 giant cockroaches
  6 hobgoblins
  6 jackals
  5 quokkas
  5 ball pythons
  3 frilled lizards
  8 goblins
  8 kobolds
  4 rats
122 creatures vanquished.

Notes
Turn   | Place    | Note
-------+----------+-------------------------------------------
     0 | D:1      | BigDaddyOpFi the Deep Elf Earth Elementalist began the
                  | quest for the Orb.
     0 | D:1      | Reached XP level 1. HP: 10/10 MP: 6/6
   528 | D:1      | Reached XP level 2. HP: 15/15 MP: 6/8
   881 | D:2      | You fall into a shaft and drop 1 floor!
   908 | D:3      | Got An Induction into the Words of Power
   982 | D:3      | Found an opulent altar of Gozag.
   991 | D:2      | Found Hias's Armour Shoppe.
  1003 | D:2      | Reached XP level 3. HP: 19/19 MP: 3/9
  1170 | D:2      | Identified the +0 leather armour of Noon {*Corrode Str+5
                  | Int+2}
  1999 | D:3      | Reached skill level 1 in Conjurations
  2244 | D:3      | Reached XP level 4. HP: 24/24 MP: 11/11
  2278 | D:3      | Found a runed translucent gate.
  2278 | D:3      | Found a runed translucent gate.
  2278 | D:3      | Found a runed translucent gate.
  2450 | D:3      | Noticed Loveship's ghost (amateur NaTm)
  2606 | D:4      | Reached XP level 5. HP: 28/28 MP: 13/13
  2666 | D:4      | Found a staircase to the Ecumenical Temple.
  2692 | Temple   | Entered the Ecumenical Temple
  2845 | Temple   | Became a worshipper of Vehumet
  2985 | D:4      | Noticed Menkaure
  2995 | D:4      | Killed Menkaure
  2996 | D:4      | Reached XP level 6. HP: 15/32 MP: 14/14
  3129 | D:4      | Noticed Blork the orc
  3145 | D:5      | Entered Level 5 of the Dungeon
  3358 | D:4      | Learned a level 3 spell: Stone Arrow
  3360 | D:4      | Killed Blork the orc
  3361 | D:4      | Reached skill level 5 in Spellcasting
  3423 | D:4      | Noticed Edmund
  3427 | D:4      | Learned a level 2 spell: Momentum Strike
  3431 | D:4      | Killed Edmund
  3432 | D:4      | Reached skill level 5 in Stealth
  3432 | D:4      | Reached skill level 5 in Earth Magic
  3432 | D:4      | Reached XP level 7. HP: 27/36 MP: 11/17
  3872 | D:4      | Reached skill level 5 in Dodging
  4041 | D:5      | Reached * piety under Vehumet
  4041 | D:5      | Offered knowledge of Shock by Vehumet.
  5261 | D:5      | Reached XP level 8. HP: 41/41 MP: 18/19
  5309 | D:5      | Noticed Ijyb
  5310 | D:5      | Upgraded the game from 0.30-a0-691-g754fce4c43 to
                  | 0.30-a0-696-g2367cd04db
  5311 | D:5      | Noticed a two-headed ogre
  5628 | D:5      | Killed Ijyb
  5773 | D:5      | Killed a two-headed ogre
  5774 | D:5      | Reached skill level 5 in Conjurations
  6058 | D:6      | Found Faozohab's Distillery.
  6103 | D:6      | Reached XP level 9. HP: 32/45 MP: 18/22
  6328 | D:6      | Found a blossoming altar of Fedhas.
  6416 | D:6      | Reached skill level 1 in Translocations
  6874 | D:6      | Reached skill level 1 in Fighting
  7179 | D:7      | Found a glowing golden altar of the Shining One.
  7378 | D:7      | Noticed an orc sorcerer
  7379 | D:7      | Noticed a wizard
  7385 | D:7      | Killed an orc sorcerer
  7391 | D:7      | Killed from afar by a wizard

Illustrated notes

Levels and vault maps discovered:
D:1:      dpeg_arrival_lava_altar, layout_loops_ring
D:2:      layout_basic, serial_shops, nicolae_shop_statue_plus
D:3:      layout_basic, mainiacjoe_overflow_concentric_impassable,
          gammafunk_ghost_necromancy
D:4:      minmay_razor_zed, layout_gridville, minmay_temple_entry_slanted,
          uniq_blork_the_orc, uniq_edmund, uniq_menkaure
D:5:      layout_loops_ring, kennysheep_generic_room_7, uniq_ijyb
D:6:      layout_loops_ring, mainiacjoe_overflow_surrounded_room, serial_shops,
          shop
D:7:      cheibrodos_wizards_tower, layout_layer_cave,
          mainiacjoe_overflow_six_doors_small, serial_shops, shop,
          enter_bailey_2, kennysheep_path_1
Temple:   hellmonk_temple_forest_ring

Skill      XL: |  1  2  3  4  5  6  7  8  9 |
---------------+----------------------------+-----
Stealth        | 3 4 5 7 8 |  8.1
Dodging        | 3 4 5 6 7 |  7.3
Conjurations   | 1 2 3 4 5 |  5.3
Spellcasting   | 4 5 6 7 8 |  8.1
Earth Magic    | 4 5 6 |  6.6
Translocations | 2 |  2.5
Transmutations | 3 |  3.1
Fighting       | 1 |  1.8

Action                   |  1- 3 |  4- 6 |  7- 9 || total
-------------------------+-------+-------+-------++-------
Melee: Unarmed           |     1 |       |       ||     1
       War axe           |       |    14 |     5 ||    19
 Cast: Sandblast         |    44 |    36 |     5 ||    85
       Stone Arrow       |       |     6 |    73 ||    79
       Momentum Strike   |       |     1 |     6 ||     7
  Use: Scroll            |       |     7 |     4 ||    11
       Potion            |       |     1 |       ||     1
 Stab: Distracted        |       |     1 |       ||     1
       Sleeping          |       |     1 |       ||     1
Armor: Robe              |       |    10 |       ||    10
Dodge: Dodged            |    11 |    28 |    20 ||    59

Table legend: (Time is in decaauts)
 A = Elapsed time spent in this place.
 B = Non-inter-level travel time spent in this place.
 C = Inter-level travel time spent in this place.
 D = Time resting spent in this place.
 E = Time spent auto-exploring this place.
 F = Levels seen in this place.
 G = Mean time per level.
                   A        B        C        D        E       F      G
               +--------+--------+--------+--------+--------+-----+--------+
         Total |   7457 |   7129 |    328 |   1687 |   4003 |   8 |  932.1 |
       Dungeon |   7285 |   6988 |    297 |   1687 |   3873 |   7 | 1040.7 |
        Temple |    171 |    140 |     31 |      0 |    130 |   1 |  171.0 |
               +--------+--------+--------+--------+--------+-----+--------+

Top non-repeatable levels by time:
     D:5: 2182 daAuts
     D:4: 1200 daAuts
     D:6: 1072 daAuts
     D:1: 896 daAuts
     D:2: 890 daAuts
     D:3: 728 daAuts
     D:7: 315 daAuts
  Temple: 171 daAuts
